Unix NetHack Version 3.7.0-64 Work-in-progress - last build Sep 20 2022 13:51:49 (2efdc47de06bbc12dbc956ebf73d51181633095d,branch:master). Game began 2022-09-20 23:08:23, ended 2022-09-21 21:43:49. aerth, lawful female human Samurai ;; t c | O | ...| s |}.d.|; s |}C@d|; T |..^J| ;; |....| A @ SS N ; |....| s |.<..| |%...| T |....|; |.*..|; @ |.H..| C |.0..| h |....| ------ Aerth the Joshu St:25 Dx:14 Co:18 In:9 Wi:9 Ch:12 Lawful Dlvl:24 $:0 HP:0(113) Pw:52(52) AC:-2 Xp:12/31691 T:21294 Burdened Blind Deaf Latest messages: The jabberwock bites! The jabberwock hits! The jabberwock hits! The plains centaur hits! The plains centaur kicks! The winter wolf cub misses! The winter wolf cub bites! # Are you sure you want to pray? [yn] (n) You begin praying to Amaterasu Omikami. The jabberwock starts to attack you, but pulls back. The plains centaur starts to attack you, but pulls back. The winter wolf cub starts to attack you, but pulls back. The winter wolf cub starts to attack you, but pulls back. The jabberwock starts to attack you, but pulls back. The plains centaur starts to attack you, but pulls back. The winter wolf cub starts to attack you, but pulls back. The winter wolf cub starts to attack you, but pulls back. The jabberwock starts to attack you, but pulls back. The plains centaur starts to attack you, but pulls back. The winter wolf cub starts to attack you, but pulls back. The winter wolf cub starts to attack you, but pulls back. You finish your prayer. You feel that Amaterasu Omikami is well-pleased. You feel much better. What do you want to use or apply? [bhmpstVYZ or ?*] Never mind. What do you want to zap? [mZ or ?*] Nothing happens. The jabberwock bites! The jabberwock bites! The jabberwock hits! The jabberwock hits! The plains centaur hits! The plains centaur kicks! The winter wolf cub bites! The winter wolf cub just misses! The jabberwock bites! The jabberwock bites! The jabberwock hits! The jabberwock hits! The plains centaur hits! The plains centaur just misses! The winter wolf cub misses! The winter wolf cub bites! You find a spiked pit. What do you want to zap? [mZ or ?*] Nothing happens. The jabberwock bites! You die... Inventory: Amulets ('"') o - an uncursed amulet of reflection (being worn) Weapons (')') a - the blessed rustproof +1 Excalibur (weapon in hand) Armor ('[') n - an uncursed very rusty +0 orcish helm (being worn) F - an uncursed thoroughly rusty +0 pair of gauntlets of power (being worn) z - an uncursed +0 pair of elven boots (being worn) i - an uncursed burnt +0 elven shield (being worn) v - an uncursed very rotted +0 dwarvish cloak (being worn) S - an uncursed +0 elven mithril-coat (being worn) Rings ('=') X - an uncursed ring of polymorph k - an uncursed ring of polymorph control (on right hand) Wands ('/') m - an uncursed wand of digging (0:0) Z - an uncursed wand of speed monster (0:6) Tools ('(') b - an uncursed oilskin sack containing 79 items s - an uncursed brass lantern (lit) V - an uncursed can of grease (0:23) Y - an uncursed expensive camera (0:42) p - an uncursed skeleton key t - an uncursed towel h - an uncursed +0 unicorn horn Contents of the oilskin sack: 1198 gold pieces an uncursed amulet of life saving an uncursed amulet of magical breathing an uncursed cheap plastic imitation of the Amulet of Yendor an uncursed +0 yumi a blessed +0 pair of yugake a blessed +0 pair of water walking boots an uncursed apple an uncursed banana an uncursed candy bar labeled "Choco Nummer" an uncursed candy bar labeled "Moon Crunchy" an uncursed cream pie an uncursed fortune cookie an uncursed fortune cookie 7 uncursed gunyoki 2 uncursed lembas wafers an uncursed orange 2 uncursed pancakes an uncursed pear 4 uncursed tripe rations 2 uncursed eggs an uncursed lichen corpse 2 uncursed lizard corpses 5 uncursed lizard corpses an uncursed scroll of amnesia 2 uncursed scrolls of create monster an uncursed scroll of destroy armor an uncursed scroll of earth an uncursed scroll of enchant armor an uncursed scroll of enchant weapon an uncursed scroll of light a blessed scroll of magic mapping an uncursed scroll of scare monster 4 uncursed scrolls of teleportation a cursed scroll of teleportation an uncursed potion of blindness an uncursed potion of confusion 3 uncursed potions of extra healing an uncursed potion of full healing an uncursed potion of hallucination an uncursed potion of levitation 2 uncursed potions of levitation an uncursed potion of see invisible 2 potions of holy water an uncursed ring of cold resistance an uncursed ring of free action an uncursed -3 ring of increase damage an uncursed +1 ring of protection an uncursed ring of regeneration an uncursed ring of regeneration an uncursed ring of slow digestion an uncursed ring of slow digestion an uncursed ring of teleportation an uncursed wand of cold (0:5) an uncursed wand of create monster (0:14) an uncursed wand of digging (0:4) an uncursed wand of fire (0:3) an uncursed wand of light (0:13) an uncursed wand of light (0:9) an uncursed wand of locking (0:5) an uncursed wand of magic missile (0:1) an uncursed wand of make invisible (0:3) an uncursed wand of striking (0:4) an uncursed wand of striking (0:3) an uncursed wand of striking (0:0) an uncursed wand of teleportation (0:3) an uncursed drum of earthquake (0:8) an uncursed agate stone an uncursed amethyst stone an uncursed aquamarine stone an uncursed black opal an uncursed dilithium crystal 2 uncursed jet stones 2 uncursed worthless pieces of blue glass an uncursed worthless piece of green glass an uncursed worthless piece of red glass an uncursed worthless piece of white glass 2 uncursed worthless pieces of yellow glass an uncursed worthless piece of yellowish brown glass Aerth the Samurai's attributes: Background: You were a Joshu, a level 12 female human Samurai. You were lawful, on a mission for Amaterasu Omikami who was opposed by Raijin (neutral) and Susanowo (chaotic). You were in the Dungeons of Doom, on level 24. You entered the dungeon 21294 turns ago. You had 31691 experience points, 8309 more were needed to attain level 13. Basics: You had 0 out of 113 hit points. You had all 52 energy points (spell power). Your armor class was -2. Your wallet was empty. Autopickup was on for '$?!"=/*', with exceptions. Final Characteristics: Your strength was 25 (base:18/15, innate limit:18/100). Your dexterity was 14 (peak:18, limit:18). Your constitution was 18 (limit:18). Your intelligence was 9 (limit:18). Your wisdom was 9 (limit:18). Your charisma was 12 (limit:18). Final Status: You were temporarily blind. You were deaf. You were not hungry. You were burdened; movement was slightly slowed. You were wielding a long sword. You had expert skill with long sword. Final Attributes: You were piously aligned. You were cold resistant. You were sleep resistant. You were poison resistant. You were level-drain resistant. You were telepathic. You had automatic searching. You were stealthy. You had a small defense bonus (+5). You were guarded. You had polymorph control. You were fast. You had reflection. You are dead. Miscellaneous: You disabled loading of bones levels. Total elapsed playing time was 2 hours, 34 minutes and 28 seconds. Major events: Turn 1: aerth the lawful female human Samurai entered the dungeon 1582: entered the Gnomish Mines 1656: attained the rank of Ronin (level 3) 2312: has been given Excalibur, and now enjoys supreme executive power 2709: reached Mine Town 2967: attained the rank of Kunoichi (level 6) 4134: entered Sokoban 4780: completed 2nd Sokoban level 5210: completed 3rd Sokoban level 6798: completed 4th Sokoban level 10253: entered the Bigroom 11071: attained the rank of Joshu (level 10) 11083: acquired the Sokoban amulet of reflection 15495: performed her first genocide (class L) 21294: killed by a jabberwock Vanquished creatures: a baluchitherium 2 titanotheres a lich a nurse a lurker above a vampire 2 ghosts a queen bee 3 giant mimics a long worm a zruty 3 elven monarchs a wumpus 3 stalkers 2 air elementals a fire elemental an earth elemental 5 wargs 2 winter wolves 2 small mimics a glass piercer a warhorse 2 xans an ogre leader 2 quantum mechanics a troll 2 wood golems 2 gelatinous cubes 2 pyrolisks a large dog 2 freezing spheres a flaming sphere 2 shocking spheres a large cat 3 tigers a gargoyle a dwarf ruler an ochre jelly 4 leocrottas an energy vortex 2 mountain centaurs 2 human mummies 3 pit vipers 2 wraiths 2 carnivorous apes 2 ettin zombies a Grey-elf a soldier 3 chameleons 3 giant beetles 4 quivering blobs 3 cockatrices 8 wolves a winter wolf cub 2 lynxes a panther 3 gremlins 8 leprechauns an orc-captain 2 iron piercers a giant spider 4 scorpions 2 horses an ice vortex 3 black lights 4 vampire bats 4 forest centaurs 2 orc mummies 6 brown puddings 3 rust monsters 4 owlbears a gold golem a werewolf 3 Green-elves 8 lizards a chickatrice 2 dingoes 2 dogs a housecat a jaguar 2 blue jellies a black unicorn 4 dust vortices 2 ravens a plains centaur a gnome mummy a snake an ape 3 human zombies 4 rope golems 5 Woodland-elves a soldier ant 3 bugbears an imp 4 quasits 2 wood nymphs a water nymph 2 orc shamans 4 rock piercers a rock mole 5 ponies 2 fog clouds a shrieker 2 violet fungi 11 gnome leaders 3 gnomish wizards 2 kobold mummies a gray ooze 3 barrow wights a ghoul 4 straw golems 6 giant ants a little dog 8 floating eyes a kitten 5 homunculi a kobold shaman 8 hill orcs 6 rothes a rabid rat 3 centipedes 5 giant bats a monkey 2 wererats 2 werejackals 7 iguanas 65 killer bees an acid blob a coyote a gas spore 9 hobgoblins 13 giant rats 4 cave spiders a brown mold 3 yellow molds a green mold 25 gnomes 11 garter snakes a gnome zombie 9 geckos 12 jackals a fox 3 kobolds a goblin 6 sewer rats 11 grid bugs 3 bats 4 lichens 2 kobold zombies 9 newts 508 creatures vanquished. Genocided species: liches demiliches master liches arch-liches 4 species genocided. Voluntary challenges: You read items or engraved 21 times. You engraved Elbereth 6 times. You genocided 4 types of monsters. You never polymorphed an object. You used no wishes. You violated the special Sokoban rules 4 times. Achievements: You entered a shop. You entered the Gnomish Mines. You attained the rank of Ronin. You entered Minetown. You entered a temple. You attained the rank of Kunoichi. You entered Sokoban. You entered the Big Room. You attained the rank of Joshu. You completed Sokoban. The Dungeons of Doom: levels 1 to 24 Level 1: A fountain. Level 2: Some fountains. Level 3: A fountain. Level 4: A weapon shop. Stairs down to The Gnomish Mines. Level 5: A fountain. Level 6: A fountain, a sink. Level 7: Some fountains. Oracle of Delphi. Level 8: A grave. Stairs up to Sokoban, level 7. Level 9: An altar to Amaterasu Omikami, a fountain, a sink. Level 10: Level 11: A very big room. Level 12: "vault" A fountain. Level 13: Summoned by Lord Sato. Level 14: A grave. Level 15: A primitive area. Level 16: Level 17: Level 18: Level 19: Level 20: A temple to Amaterasu Omikami, a fountain. Level 21: Level 22: "vault" A fountain, a grave. Level 23: Level 24: <- You were here. Final resting place for you, killed by a jabberwock. The Gnomish Mines: levels 5 to 7 Level 5: Level 6: Level 7: Many shops, a temple, some fountains. Sokoban: levels 7 up to 4 Level 4: Solved. Level 5: Solved. Level 6: Solved. Level 7: Unsolved. Game over: ---------- / \ / REST \ / IN \ / PEACE \ / \ | aerth | | 1198 Au | | killed by a | | jabberwock | | | | | | 2022 | *| * * * | * _________)/\\_//(\/(/\)/\//\/|_)_______ Sayonara aerth the Samurai... You died in The Dungeons of Doom on dungeon level 24 with 83255 points, and 1198 pieces of gold, after 21294 moves. You were level 12 with a maximum of 113 hit points when you died.